 Dungeon Crawl Stone Soup version 0.29-a0-275-g389c0b56f3 (webtiles) character file.

Game seed: 13347079154498130266

30 Hubjo the Ducker (level 3, -4/28 HPs)
             Began as a Demonspawn Wanderer on Mar 9, 2022.
             Was a Follower of Kikubaaqudgha.
             Slain by a gnoll
             ... wielding a +0 spear
              (8 damage)
             ... on level 2 of the Dungeon.
             The game lasted 00:01:51 (1537 turns).

Hubjo the Ducker (Demonspawn Wanderer)              Turns: 1537, Time: 00:01:51

Health: -4/28      AC:  7    Str:  9    XL:     3   Next: 3%
Magic:  5/5        EV: 13    Int: 15    God:    Kikubaaqudgha [*.....]
Gold:   16         SH:  0    Dex: 15    Spells: 3/4 levels left

rFire   . . .      SeeInvis .   a - +0 dagger
rCold   . . .      Faith    .   (no shield)
rNeg    . . .      Spirit   .   d - +2 leather armour
rPois   .          Reflect  .   l - +1 helmet
rElec   .          Harm     .   (no cloak)
rCorr   .          Rampage  .   (no gloves)
Will    .....                   (no boots)
Stlth   +.........              (no amulet)
HPRegen 0.09/turn               (no ring)
MPRegen 0.09/turn               (no ring)

@: no status effects
A: demonic guardian 1, ignite blood 1
a: Renounce Religion, Receive Corpses


You were on level 2 of the Dungeon.
You worshipped Kikubaaqudgha.
Kikubaaqudgha was aware of your devotion.
You visited 1 branch of the dungeon, and saw 2 of its levels.

You collected 16 gold pieces.

Inventory:

Hand Weapons
 a - a +0 dagger (weapon)
 k - a +0 club
Armour
 d - a +2 leather armour (worn)
 l - a +1 helmet (worn)
Scrolls
 b - a scroll of silence
 e - a scroll of amnesia {unknown}
 f - a scroll of vulnerability {unknown}
 g - a scroll of enchant armour {unknown}
 h - a scroll of holy word {unknown}
 i - a scroll of identify {unknown}
 m - a scroll of teleportation {unknown}
Potions
 c - a potion of attraction
 j - a potion of cancellation {unknown}


   Skills:
 * Level 2.7 Fighting
 + Level 4.7 Dodging
 + Level 1.4 Spellcasting
 + Level 2.1 Translocations


You had 3 spell levels left.
You knew the following spells:

 Your Spells              Type           Power      Damage    Failure   Level
a - Apportation           Tloc           14%        N/A       14%         1

Your spell library contained the following spells:

 Spells                   Type           Power      Damage    Failure   Level
 Animate Skeleton         Necr           2%         N/A       32%         1
 Pain                     Necr           4%         1d4       32%         1
 Corpse Rot               Necr/Air       2%         N/A       45%         2
 Portal Projectile        Hex/Tloc       8%         N/A       54%         3
 Tukima's Dance           Hex            1%         N/A       69%         3
 Vampiric Draining        Necr           1%         2d6       69%         3
 Anguish                  Hex/Necr       0%         N/A       97%         4
 Enfeeble                 Hex            0%         N/A       100%        7


Dungeon Overview and Level Annotations

Branches:
Dungeon (2/15)

Altars:
Kikubaaqudgha

Shops:
D:2 [


Innate Abilities, Weirdness & Mutations

A weak demonic guardian rushes to your aid.
Your demonic aura sometimes causes spilled blood to erupt in flames.


Message History

No target in view!
No target in view!
No target in view!
No target in view!
No target in view!
No target in view!
No target in view!
HP restored.
You now have 16 gold pieces (gained 12).
Found a stone staircase leading down.
There is a stone staircase leading down here.
You open the large door.
Found Seutot's Antique Armour Shoppe.
Found a stone staircase leading up.
There is a large open door here.
There is an entrance to Seutot's Antique Armour Shoppe here.
You open the door. 2 gnolls come into view.
The gnoll moves out of view.
There is an open door here.
A gnoll is nearby!
A gnoll is nearby!
A gnoll is nearby!
A gnoll is nearby!
A gnoll comes into view. It is wielding a +0 halberd.
Found 17 stones and a hunting sling.
The gnoll shouts! x2
The gnoll misses you.
The gnoll throws a throwing net.
The throwing net closely misses you.
You completely miss the gnoll. The gnoll misses you.
You hit the gnoll but do no damage. The gnoll hits you with a +0 halberd!
You hit the gnoll.
The gnoll is lightly wounded.
The gnoll barely misses you.
The gnoll hits you from afar with a +0 spear.
The gnoll attacks as you move away! The gnoll hits you with a +0 halberd!
* * * LOW HITPOINT WARNING * * *
The gnoll barely misses you.
The gnoll hits you from afar with a +0 spear!
You die...
Kikubaaqudgha rasps: "You have failed me!
Welcome... death!"

#.#.##########.#
#.#.##.........#
#.#.##.........#
#.#.##......... #
#.#.##........#
..##.#.#.##........#
..........#........#♣♣.♣♣
..##.###..#...(..ggg.....
#.###..#.)..#@#.#♣♣(♣♣
#.....>######.###
######.....##.#
#####.##∩# #..'.# #..'.#
#.##<# #.##.# #.##.#


You could see 3 gnolls.

Vanquished Creatures
  3 bats (D:1)
  An endoplasm (D:2)
  A giant cockroach (D:1)
  4 goblins
  2 hobgoblins (D:1)
  2 jackals (D:1)
  2 ball pythons (D:1)
  3 frilled lizards (D:1)
  4 kobolds (D:1)
  2 rats (D:1)
24 creatures vanquished.

Vanquished Creatures (collateral kills)
  A goblin (D:1)
  A jackal (D:1)
  A quokka (D:1)
3 creatures vanquished.

Grand Total: 27 creatures vanquished

Notes
Turn   | Place    | Note
-------+----------+-------------------------------------------
     0 | D:1      | Hubjo the Demonspawn Wanderer began the quest for the Orb.
     0 | D:1      | Hubjo set off with the following items: a +0 dagger, a
                  | scroll of silence, a potion of attraction, a +2 leather
                  | armour; and the following spell memorised: Apportation; and
                  | the following spells available to memorise: Portal
                  | Projectile
     0 | D:1      | Reached XP level 1. HP: 16/16 MP: 2/2
   273 | D:1      | Gained mutation: A weak demonic guardian rushes to your
                  | aid. [demonic ancestry]
   273 | D:1      | Reached XP level 2. HP: 16/22 MP: 3/3
  1115 | D:1      | Found a faded altar of an unknown god.
  1256 | D:1      | Prayed at the altar of an unknown god.
  1256 | D:1      | Became a worshipper of Kikubaaqudgha
  1256 | D:1      | Reached * piety under Kikubaaqudgha
  1256 | D:1      | Received a gift from Kikubaaqudgha
  1417 | D:2      | Gained mutation: Your demonic aura sometimes causes spilled
                  | blood to erupt in flames. [demonic ancestry]
  1417 | D:2      | Reached XP level 3. HP: 26/28 MP: 5/5
  1524 | D:2      | Found Seutot's Antique Armour Shoppe.
  1537 | D:2      | Slain by a gnoll

Illustrated notes

Levels and vault maps discovered:
D:1:      co_arrival_random_square_maze, layout_loops_ring,
          hellmonk_ecumenical_altar_leap_of_faith
D:2:      layout_basic, serial_shops, nicolae_shop_hallway_stairs,
          minmay_tree_intersection, corexii_leaking_fountain

Skill      XL: |  1  2 |
---------------+-------+-----
Translocations | 2 |  2.1
Fighting       | |  2.7
Dodging        | |  4.7
Spellcasting   | |  1.4

Action                   || total
-------------------------++-------
Melee: Dagger            ||   134
       Punch             ||     2
 Stab: Sleeping          ||     1
Armor: Leather armour    ||    64
Dodge: Dodged            ||   117

Table legend: (Time is in decaauts)
 A = Elapsed time spent in this place.
 B = Non-inter-level travel time spent in this place.
 C = Inter-level travel time spent in this place.
 D = Time resting spent in this place.
 E = Time spent auto-exploring this place.
 F = Levels seen in this place.
 G = Mean time per level.
                   A        B        C        D        E       F      G
               +--------+--------+--------+--------+--------+-----+--------+
         Total |   1536 |   1488 |     48 |      0 |   1205 |   2 |  768.0 |
       Dungeon |   1536 |   1488 |     48 |      0 |   1205 |   2 |  768.0 |
               +--------+--------+--------+--------+--------+-----+--------+

Top non-repeatable levels by time:
     D:1: 1410 daAuts
     D:2: 126 daAuts
